 Dungeon Crawl Stone Soup version 0.17-a0-1909-g0b14330 (webtiles) character file.

4583 Oddball22 the Fighter (level 10, -3/89 HPs)
             Began as a Demonspawn Chaos Knight on Sept 25, 2015.
             Killed by the air
             ... invoked by Gastronok
              (20 damage)
             ... on level 9 of the Dungeon.
             The game lasted 00:23:29 (7422 turns).

Oddball22 the Fighter (Demonspawn Chaos Knight)     Turns: 7422, Time: 00:23:29

Health: -3/89      AC: 11    Str: 20      XL:     10   Next: 18%
Magic:  10/10      EV: 23    Int: 12 (13) God:    Xom [.*....]
Gold:   504        SH:  7    Dex: 25      Spells: 0 memorised, 9 levels left

rFire  . . .     SeeInvis .     a - +0 falchion (chaos)
rCold  . . .     Clarity  +     b - +2 leather armour
rNeg   . . .     SustAt   .     w - +0 buckler
rPois  .         Gourm    .     (helmet restricted)
rElec  .         Spirit   .     k - +0 cloak
rCorr  .         Warding  .     l - +1 pair of gloves
rMut   .         Stasis   .     v - +0 pair of boots
MR     .....                    B - amulet of clarity
Stlth  +++.......               (no ring)
                                (no ring)

@: mighty, agile, not resistant to hostile enchantments, fairly stealthy
A: antennae 1, hooves 1, rugged brown scales 2, agile 2, breathe flames 1, sense
surroundings 1, powered by pain 1, spiny 2, strong 1, evolution 2
a: Renounce Religion, Breathe Fire


You were on level 9 of the Dungeon.
You worshipped Xom.
You were a plaything of Xom.
You were not hungry.

You visited 1 branch of the dungeon, and saw 9 of its levels.

You collected 504 gold pieces.

Inventory:

Hand weapons
 a - a +0 falchion of chaos (weapon)
 s - a +1 flail of protection
Missiles
 u - 7 needles of paralysis
Armour
 b - a +2 leather armour (worn)
 i - a +0 shield
 k - a +0 cloak (worn)
 l - a +1 pair of gloves (worn)
 q - a +0 helmet
 v - a +0 pair of boots (worn)
 w - a +0 buckler (worn)
Magical staves
 H - an uncursed staff of summoning {unknown}
Jewellery
 d - an uncursed amulet of faith
 B - an amulet of clarity (around neck)
 F - an uncursed amulet of guardian spirit
Magical devices
 y - a wand of disintegration (0)
 C - a wand of frost (26)
Scrolls
 e - 3 scrolls of random uselessness {unknown}
 f - a scroll of teleportation {unknown}
 g - a scroll of blinking {unknown}
 j - 6 scrolls of identify
 n - 2 scrolls of enchant armour {unknown}
 r - 2 scrolls of amnesia {unknown}
 A - 4 scrolls of remove curse {unknown}
 D - 2 scrolls of noise {unknown}
 E - 2 scrolls of immolation {unknown}
 G - 2 scrolls of enchant weapon {unknown}
 J - a scroll of magic mapping {unknown}
 R - a scroll of summoning {unknown}
Potions
 o - 2 potions of might
 I - 2 potions of flight
 O - a potion of degeneration
 P - a potion of curing
Comestibles
 c - 6 bread rations
 h - a slice of pizza
 m - 2 beef jerkies
 p - 9 chunks of flesh
 t - 2 meat rations
 z - 4 fruits
 Q - a royal jelly


   Skills:
 * Level 10.2 Fighting
 - Level 4.0 Long Blades
 - Level 1.7 Armour
 + Level 6.7 Dodging
 + Level 7.3 Shields


You had 9 spell levels left.
You didn't know any spells.

Dungeon Overview and Level Annotations

Branches:
Dungeon (9/15)             Temple (0/1) D:4
   Lair: D:8-11         Orc: D:9-12

Altars:
Ashenzari
Cheibriados
Elyvilon
Nemelex Xobeh
Ru
Trog
Vehumet
Yredelemnul
Zin

Shops:
D:6 (=[}*

Annotations:
D:9 Gastronok


Innate Abilities, Weirdness & Mutations

You have large cloven feet.
You are mostly covered in rugged brown scales (AC +2, +5% HP).
You sometimes gain a little power by taking damage.
You are mostly covered in sharp spines.
You have a pair of small antennae on your head.
You are very agile. (Dex +4)
You can breathe flames.
You passively map a small area around you.
Your muscles are strong. (Str +2)
You rapidly evolve.


Message History

Gastronok resists with almost no effort.
Evoking this partially-identified wand wasted a few charges.
Gastronok waves his eye-stalks in wide circles.
The air twists around and strikes you!
* * * LOW HITPOINT WARNING * * *
You slash Gastronok!
Gastronok is jolted!
Gastronok is heavily wounded.
Drink which item? (? for menu, Esc to quit)
Okay, then.
You slash Gastronok!
Gastronok is heavily wounded.
Gastronok is struck by your spines. Gastronok bites you.
* * * LOW HITPOINT WARNING * * *
You slash Gastronok!
Gastronok flickers and vanishes!
Deactivating autopickup; reactivate with Ctrl-A.
Xom thinks this is hilarious!
You barely miss something.
You hear blowing wind.
The air twists around and strikes you!
You die...

#..##.....#
#####.....#
###......# *
##%......?#
,#.%(......#
##%P......#
#.........#
,##........#
+....@...# ,
+....{...#
#..%.....#
#.........#
##..P.#####
,#...%%*
##$... #####


There were no monsters in sight!

Vanquished Creatures
  Pikel (D:7)
  The ghost of Gargoyl the Skirmisher, an experienced DsAK of Lugonu (D:6)
  4 yaks (D:8)
  A hungry ghost (D:8)
  A hippogriff (D:9)
  Edmund (D:6)
  A water moccasin (D:7)
  A black bear (D:6)
  2 phantoms
  An ogre (D:8)
  2 orc warriors
  2 sky beasts
  3 centaurs
  A slave (D:7)
  3 giant frogs
  2 scorpions
  3 wights (D:7)
  2 electric eels (D:7)
  3 crimson imps
  4 jellies
  A centaur zombie (D:6)
  2 orc priests
  A gnoll shaman (D:8)
  2 iguanas
  2 centaur skeletons
  A giant frog skeleton (D:7)
  2 hounds
  Natasha (thrice) (D:3)
  4 orc wizards
  6 worker ants
  A killer bee zombie (D:5)
  A hound skeleton (D:7)
  2 hound zombies
  A worker ant zombie (D:7)
  14 adders
  9 gnolls
  3 shadow imps
  An adder zombie (D:8)
  3 oozes
  3 adder skeletons
  2 worms
  10 orcs
  7 bats
  11 goblins
  5 hobgoblins
  13 jackals
  5 kobolds
  2 quokkas
  A ball python (D:4)
  A ball python skeleton (D:6)
  5 giant cockroaches
  3 giant gecko skeletons
  5 giant newts
  A quokka skeleton (D:8)
  8 rats
180 creatures vanquished.

Vanquished Creatures (collateral kills)
  Eustachio (D:4)
1 creature vanquished.

Vanquished Creatures (others)
  A giant frog (D:7)
  A sky beast (D:5)
  2 slaves (D:7)
4 creatures vanquished.

Grand Total: 185 creatures vanquished

Notes
Turn   | Place    | Note
--------------------------------------------------------------
     0 | D:1      | Oddball22 the Demonspawn Chaos Knight began the quest for the Orb.
     0 | D:1      | Reached XP level 1. HP: 18/18 MP: 1/1
    23 | D:1      | Reached skill level 1 in Dodging
    65 | D:1      | XOM: harmless Ice miscast
   307 | D:1      | XOM: enchant monster (bad)
   355 | D:1      | Gained mutation: You are partially covered in rugged brown scales (AC +1, +3% HP). [demonic ancestry]
   355 | D:1      | Reached XP level 2. HP: 18/24 MP: 2/2
   417 | D:1      | XOM: mild Chrm miscast
   588 | D:1      | XOM: potion effect (invisibility)
   709 | D:1      | XOM: give mutations
   709 | D:1      | Gained mutation: You are weak. (Str -2) [Xom's mischief]
   709 | D:1      | Gained mutation: You are resistant to hostile enchantments. [Xom's mischief]
   709 | D:1      | Gained mutation: Scrolls take you a little longer to read. [Xom's mischief]
   742 | D:1      | XOM: silly message
   878 | D:1      | XOM: harmless Conj miscast
   976 | D:2      | Gained mutation: You are partially covered in sharp spines. [demonic ancestry]
   976 | D:2      | Reached XP level 3. HP: 13/29 MP: 3/3
   998 | D:2      | XOM: mild Chrm miscast
  1154 | D:2      | XOM: 2-stop teleportation journey
  1157 | D:2      | Gained mutation: You expend magic power (3 MP) to strengthen your wands. [potion of mutation]
  1157 | D:2      | Gained mutation: Armour fits poorly on your strangely shaped body. [potion of mutation]
  1157 | D:2      | Lost mutation: Scrolls take you a little longer to read. [potion of mutation]
  1158 | D:2      | Gained mutation: You are agile. (Dex +2) [potion of mutation]
  1158 | D:2      | Gained mutation: You are very agile. (Dex +4) [potion of mutation]
  1158 | D:2      | Lost mutation: You are weak. (Str -2) [potion of mutation]
  1165 | D:2      | XOM: enchant monster (bad)
  1534 | D:2      | Gained mutation: You are mostly covered in sharp spines. [demonic ancestry]
  1534 | D:2      | Reached XP level 4. HP: 33/36 MP: 4/4
  1759 | D:2      | Found a white marble altar of Elyvilon.
  1778 | D:2      | Reached skill level 1 in Shields
  1814 | D:2      | XOM: give mutations
  1814 | D:2      | Gained mutation: You can breathe flames. [Xom's grace]
  1814 | D:2      | Gained mutation: You evolve. [Xom's grace]
  2074 | D:2      | XOM: give mutations
  2074 | D:2      | Gained mutation: Your system is resistant to poisons. [Xom's grace]
  2074 | D:2      | Gained mutation: You have a pair of small antennae on your head. [Xom's grace]
  2430 | D:3      | XOM: vitrification
  2439 | D:3      | XOM: 2-stop teleportation journey
  2444 | D:3      | XOM: snakes to sticks
  2519 | D:3      | Gained mutation: You are mostly covered in rugged brown scales (AC +2, +5% HP). [demonic ancestry]
  2519 | D:3      | Reached XP level 5. HP: 34/44 MP: 5/5
  2667 | D:3      | Noticed Natasha
  2699 | D:3      | Killed Natasha
  2699 | D:3      | Reached skill level 4 in Long Blades
  2760 | D:3      | Noticed Natasha
  2764 | D:3      | Killed Natasha
  2868 | D:3      | Noticed Natasha
  2871 | D:3      | Killed Natasha
  2892 | D:4      | Noticed Eustachio
  2898 | D:4      | XOM: swap monsters
  2902 | D:4      | XOM: summons friendly smoke demon
  2904 | D:4      | Killed Eustachio
  2904 | D:4      | Reached XP level 6. HP: 50/50 MP: 6/6
  2931 | D:4      | XOM: stat loss: -1 Dex (18/19)
  2983 | D:4      | XOM: colour smoke trail
  2990 | D:4      | XOM: mild Conj miscast
  3078 | D:4      | Found a staircase to the Ecumenical Temple.
  3110 | D:4      | Found a radiant altar of Vehumet.
  3110 | D:4      | XOM: 2-stop teleportation journey
  3121 | D:4      | XOM: vitrification
  3155 | D:4      | XOM: swap monsters
  3268 | D:4      | XOM: enchant monster (good)
  3340 | D:4      | Found a snail-covered altar of Cheibriados.
  3340 | D:4      | Found a bloodstained altar of Trog.
  3341 | D:4      | Found a sparkling altar of Nemelex Xobeh.
  3431 | D:4      | XOM: summons friendly iron imp
  3454 | D:5      | Entered Level 5 of the Dungeon
  3481 | D:5      | Gained mutation: You have large cloven feet. [demonic ancestry]
  3481 | D:5      | Reached XP level 7. HP: 56/56 MP: 7/7
  3557 | D:5      | Found a sacrificial altar of Ru.
  3693 | D:5      | Found a glowing silver altar of Zin.
  3696 | D:5      | Found a basalt altar of Yredelemnul.
  3699 | D:5      | Found a shattered altar of Ashenzari.
  3927 | D:5      | XOM: cast spell 'Warp Weapon'
  3930 | D:5      | XOM: confuse monster(s)
  3972 | D:5      | XOM: give mutations
  3972 | D:5      | Gained mutation: You passively map a small area around you. [Xom's grace]
  3972 | D:5      | Gained mutation: Your muscles are strong. (Str +2) [Xom's grace]
  4108 | D:6      | Noticed Gargoyl's ghost (experienced DsAK)
  4153 | D:6      | XOM: fog
  4177 | D:6      | Killed Gargoyl's ghost
  4177 | D:6      | Reached skill level 5 in Fighting
  4177 | D:6      | Reached XP level 8. HP: 13/67 MP: 4/8
  4346 | D:6      | XOM: god gift: 7 needles of paralysis
  4412 | D:6      | Reached skill level 5 in Shields
  4438 | D:6      | Found Viefukum's Jewellery Shop.
  4441 | D:6      | Found Upsun's Armour Boutique.
  4457 | D:6      | Found a basalt altar of Yredelemnul.
  4486 | D:6      | Reached skill level 6 in Fighting
  4493 | D:6      | Found Sihew's Assorted Antiques.
  4579 | D:6      | XOM: vitrification
  4652 | D:6      | XOM: 3-stop teleportation journey
  4866 | D:6      | XOM: scenery: 1 doors close
  4933 | D:6      | XOM: colour smoke trail
  4992 | D:6      | Found Hupuyryo's Gadget Shoppe.
  5004 | D:6      | Noticed Edmund
  5010 | D:6      | XOM: cast spell 'Metabolic Englaciation'
  5017 | D:6      | XOM: cast spell 'Blink'
  5022 | D:6      | Killed Edmund
  5057 | D:6      | Found Sapyarph's Antique Weapon Shoppe.
  5305 | D:7      | XOM: divination: detect creatures
  5310 | D:7      | XOM: silly message
  5320 | D:7      | Reached skill level 7 in Fighting
  5399 | D:7      | Reached skill level 5 in Dodging
  5466 | D:7      | Noticed Pikel
  5473 | D:7      | XOM: cast spell 'Blink'
  5484 | D:7      | XOM: summons friendly crimson imp
  5485 | D:7      | Killed Pikel
  5485 | D:7      | Reached skill level 8 in Fighting
  5485 | D:7      | Reached XP level 9. HP: 42/77 MP: 9/9
  5697 | D:7      | XOM: cast spell 'Ring of Flames'
  5740 | D:7      | XOM: summons friendly shadow imp
  5853 | D:7      | Gained mutation: You rapidly evolve. [evolution]
  6072 | D:7      | XOM: enchant monster (good)
  6339 | D:8      | Reached skill level 9 in Fighting
  6360 | D:8      | XOM: noise
  6417 | D:8      | XOM: colour smoke trail
  6535 | D:8      | XOM: confuse monster(s)
  6641 | D:8      | Lost mutation: You are resistant to hostile enchantments. [potion of cure mutation]
  6641 | D:8      | Lost mutation: Your system is resistant to poisons. [potion of cure mutation]
  6641 | D:8      | Lost mutation: Armour fits poorly on your strangely shaped body. [potion of cure mutation]
  6776 | D:8      | Lost mutation: You expend magic power (3 MP) to strengthen your wands. [evolution]
  6923 | D:8      | XOM: silly message
  6962 | D:8      | Gained mutation: You sometimes gain a little power by taking damage. [demonic ancestry]
  6962 | D:8      | Reached XP level 10. HP: 68/88 MP: 10/10
  7122 | D:8      | XOM: confuse monster(s)
  7289 | D:9      | Reached skill level 10 in Fighting
  7346 | D:9      | XOM: silly message
  7388 | D:9      | XOM: silly message
  7400 | D:9      | Noticed Gastronok
  7422 | D:9      | Killed from afar by Gastronok

Vault maps used:
D:1:      lemuel_arrival_behind_the_door_large
D:2:      elyvilon_altar_4
D:3:      first_bread, serial_bayou_pond_d, uniq_natasha
D:4:      gammafunk_temple_overflow_forgotten, vehumet_altar_wand_db,
          minmay_temple_entry_mist, uniq_eustachio
D:5:      grunt_temple_overflow_diamond, nicolae_ru_awakened_eye
D:6:      basic_altar, serial_shops, shop, shop, shop, shop,
          kennysheep_little_box, minivault_19, uniq_edmund
D:7:      water_boxes_lemuel, uniq_pikel
D:9:      blue_anna_alchemist, uniq_gastronok

Action                   |  1- 3 |  4- 6 |  7- 9 | 10-12 || total
-------------------------+-------+-------+-------+-------++-------
Melee: Falchion          |    89 |   114 |   286 |    64 ||   553
Evoke: Wand              |       |       |     2 |     2 ||     4
  Use: Potion            |     3 |       |     9 |     1 ||    13
       Scroll            |       |       |     2 |       ||     2
 Stab: Sleeping          |     2 |     3 |     1 |       ||     6
       Confused          |       |     1 |     5 |     1 ||     7
       Distracted        |       |     1 |       |     1 ||     2
       Paralysed         |       |       |    23 |       ||    23
       Petrifying        |       |       |     1 |     2 ||     3
  Eat: Chunk             |     2 |     6 |     9 |     2 ||    19
       Bread ration      |       |       |     1 |       ||     1
